 Dungeon Crawl Stone Soup version 0.18.1-50-g88ac8fd (webtiles) character file.

1127 ololoev the Magician (level 8, -8/41 HPs)
             Began as a Deep Elf Earth Elementalist on Nov 24, 2016.
             Mangled by Viam Jany the naga
             ... wielding a +1 battleaxe of electrocution
             ... created by the player character
              (18 damage)
             ... on level 5 of the Dungeon.
             The game lasted 00:10:55 (1411 turns).

ololoev the Magician (Deep Elf Earth Elementalist)  Turns: 1411, Time: 00:10:56

Health: -8/41      AC:  7    Str:  5    XL:     8   Next: 13%
Magic:  7/21       EV: 10    Int: 23    God:
Gold:   82         SH:  0    Dex: 15    Spells: 2 memorised, 17 levels left

rFire  . . .     SeeInvis .     a - +2 dagger (elec)
rCold  . . .     Gourm    .     o - +0 robe
rNeg   . . .     Faith    .     (no shield)
rPois  .         Spirit   .     (no helmet)
rElec  .         Dismiss  .     s - +2 cloak
rCorr  .         Reflect  .     (no gloves)
SustAt .         Harm     .     (no boots)
MR     .....                    f - amulet of regeneration
Stlth  ++........               (no ring)
                                m - +2 ring of protection

@: constricted, not resistant to hostile enchantments, unstealthy
A: fangs 1
a: no special abilities


Innate Abilities, Weirdness & Mutations

You have very sharp teeth.

Inventory:

Hand Weapons
 a - a +2 dagger of electrocution (weapon)
Armour
 o - a +0 robe (worn)
 s - a +2 cloak (worn)
Jewellery
 f - an amulet of regeneration (around neck)
 m - a +2 ring of protection (left hand)
Scrolls
 e - a scroll of identify
 g - a scroll of recharging
 i - a scroll of random uselessness {unknown}
 j - a scroll of magic mapping
 k - a scroll of remove curse
 l - a scroll of teleportation
Potions
 b - a potion of flight {unknown}
 p - a potion of heal wounds {unknown}
 q - a potion of magic {unknown}
 r - a potion of lignification {unknown}
 t - a potion of brilliance {unknown}
Books
 c - a book of Geomancy

   Spells                             Type                      Level
   a - Sandblast                      Earth                        1
   b - Passwall                       Transmutation/Earth          2
   c - Stone Arrow                    Conjuration/Earth            3
   d - Petrify                        Transmutation/Earth          4
   e - Lee's Rapid Deconstruction     Earth                        5
Miscellaneous
 u - a plain deck of wonders {drawn: 3}
Comestibles
 d - 3 bread rations
 h - 2 beef jerkies
 n - a meat ration
 v - 2 chunks of flesh


   Skills:
 - Level 2.4 Dodging
 - Level 2.4 Stealth
 + Level 7.3 Spellcasting
 * Level 6.8 Conjurations
   Level 1.1 Transmutations
 + Level 6.4 Earth Magic


You had 17 spell levels left.
You knew the following spells:

 Your Spells              Type           Power        Failure   Level  Hunger
a - Sandblast             Erth           #####.       1%          1    None
b - Stone Arrow           Conj/Erth      #####.       1%          3    None


You were on level 5 of the Dungeon.
You were not hungry.

You visited 1 branch of the dungeon, and saw 6 of its levels.

You collected 82 gold pieces.

...#.....# .........#
.........# .........#
.##......# .#....####
.#....# ###### .#....#
##....#
.#...##########W@≈P.##
###..........#.NP.≈≈≈#
.##............≈P≈P≈P≈.#
......>.......≈≈≈≈♣♣♣≈PP
..#............≈P♣♣ ≈P
....##....#...P≈≈♣ P
........#.##w..P♣♣
....#.....##...≈≈≈
....#....#....#.PP≈

Notes
Turn   | Place    | Note
--------------------------------------------------------------
     0 | D:1      | ololoev the Deep Elf Earth Elementalist began the quest for the Orb.
     0 | D:1      | Reached XP level 1. HP: 10/10 MP: 6/6
   102 | D:2      | Reached XP level 2. HP: 11/15 MP: 2/8
   184 | D:2      | Reached skill level 4 in Spellcasting
   225 | D:3      | Found an opulent altar of Gozag.
   242 | D:3      | Reached XP level 3. HP: 19/19 MP: 4/10
   247 | D:3      | Learned a level 3 spell: Stone Arrow
   268 | D:4      | Noticed Edmund
   364 | D:5      | Entered Level 5 of the Dungeon
   392 | D:5      | Reached skill level 1 in Conjurations
   405 | D:5      | Reached XP level 4. HP: 24/24 MP: 8/12
   464 | D:5      | Found a sacrificial altar of Ru.
   512 | D:5      | Noticed grisgris's ghost (novice MfMo)
   573 | D:5      | Noticed an ogre
   641 | D:5      | Killed an ogre
   641 | D:5      | Reached skill level 5 in Spellcasting
   641 | D:5      | Reached XP level 5. HP: 28/28 MP: 0/14
   662 | D:5      | Noticed a wyvern
   690 | D:4      | Found a bloodstained altar of Trog.
   690 | D:4      | Noticed an eye of draining
   762 | D:4      | Noticed an eye of draining
   784 | D:4      | Killed an eye of draining
   784 | D:4      | Reached skill level 5 in Earth Magic
   784 | D:4      | Reached XP level 6. HP: 32/32 MP: 0/16
   918 | D:4      | Reached skill level 6 in Spellcasting
   945 | D:4      | Noticed Crazy Yiuf
   991 | D:4      | Noticed Blork the orc
   997 | D:4      | Killed Blork the orc
   997 | D:4      | Reached XP level 7. HP: 27/36 MP: 0/18
   998 | D:4      | Noticed Pikel
  1019 | D:4      | Killed Pikel
  1019 | D:4      | Reached skill level 7 in Spellcasting
  1081 | D:4      | Killed Crazy Yiuf
  1166 | D:4      | Found a sparkling altar of Nemelex Xobeh.
  1338 | D:5      | Reached XP level 8. HP: 27/41 MP: 13/20
  1405 | D:5      | Gained mutation: You have very sharp teeth. [helix card]
  1411 | D:5      | Mangled by Viam Jany the naga

Dungeon Overview and Level Annotations

Branches:
Dungeon (6/15)
 Temple: D:4-7

Altars:
Gozag
Nemelex Xobeh
Ru
Trog

Annotations:
D:3 Edmund
D:5 grisgris's ghost, novice MfMo


Message History

You butcher the adder corpse.
v - a chunk of flesh You feel sick.
You feel sick.
You are no longer poisoned.
An iguana comes into view.
Casting: Stone Arrow
Confirm with . or Enter, or press ? or * to list all spells.
Aiming: Stone Arrow
Press: ? - help, Shift-Dir - straight line, f - iguana
Aim: an iguana The stone arrow hits the iguana.
The iguana is heavily wounded.
You hit the iguana.
There is a sudden explosion of sparks!
You kill the iguana!
You see here an iguana corpse.
You butcher the iguana corpse.
v - 2 chunks of flesh (gained 1)
Found a stone staircase leading down.
A worm comes into view.
There is a stone staircase leading down here.
You climb downwards.
A crimson imp comes into view.
There is a stone staircase leading up here.
The crimson imp shouts!
You climb upwards.
Level annotation: grisgris's ghost, novice MfMo
There is a stone staircase leading down here.
You are feeling hungry.
A giant newt comes into view.
The giant newt bites you.
You hit the giant newt.
There is a sudden explosion of sparks!
You kill the giant newt!
You see here a giant newt corpse.
You butcher the giant newt corpse.
v - 3 chunks of flesh (gained 1) Eat one of 3 chunks of flesh? (ye/n/q/i?) This raw flesh tastes terrible.
You continue eating. x2
Grisgris's ghost turns its malevolent gaze towards you.
Press: ? - help, v - describe, . - travel
Here: grisgris's ghost The floor.
Evoke which item? (* to show all) (? for menu, Esc to quit)
You draw a card...
It is the Helix.
Your teeth lengthen and sharpen.
Evoke which item? (* to show all) (? for menu, Esc to quit)
You draw a card...
It is the Mercenary.
This is a plain deck of wonders {drawn: 2}.
You cannot afford Viam Jany's fee of 142 gold!
Viam Jany attacks!
Viam Jany the naga comes into view.
It is wielding a battleaxe of electrocution.
Evoke which item? (* to show all) (? for menu, Esc to quit)
You draw a card...
It is the Alchemist.
Nothing appears to happen.
Viam Jany hits you with a battleaxe of electrocution!!
Viam Jany grabs you. Viam Jany constricts you.
Read which item? (? for menu, Esc to quit)
As you read the scroll labeled CEIMPACRYZ, it crumbles to dust.
You feel blessed for a moment.
It was a scroll of remove curse.
Read which item? (? for menu, Esc to quit)
As you read the scroll labeled SEP RUOHIGG, it crumbles to dust.
It is a scroll of identify.
Identify which item? (\ to view known items) (? for menu, Esc to quit)
g - a scroll of recharging Viam Jany barely misses you.
Viam Jany constricts you.
Grisgris's ghost hits you but does no damage.
Read which item? (? for menu, Esc to quit)
Identify which item? (\ to view known items) (? for menu, Esc to quit)
As you read the scroll of identify, it crumbles to dust.
j - a scroll of magic mapping Viam Jany hits you with a battleaxe of electrocution.
Viam Jany constricts you. Grisgris's ghost barely misses you.
Read which item? (? for menu, Esc to quit)
Identify which item? (\ to view known items) (? for menu, Esc to quit)
As you read the scroll of identify, it crumbles to dust.
l - a scroll of teleportation Grisgris's ghost barely misses you.
Viam Jany hits you with a battleaxe of electrocution!
You are electrocuted!
You die...

You could see Viam Jany the naga, a worm and grisgris's ghost.

Vanquished Creatures
  Pikel (D:4)
  2 eyes of draining (D:4)
  An ogre (D:5)
  A centaur (D:5)
  Blork the orc (D:4)
  A crimson imp (D:5)
  3 orc priests
  Crazy Yiuf (D:4)
  An iguana (D:5)
  2 worker ants (D:5)
  A hound skeleton (D:4)
  4 adders
  2 adder skeletons
  6 orcs
  2 ball pythons
  2 bats (D:1)
  A giant cockroach (D:4)
  A goblin (D:4)
  6 jackals (D:4)
  A quokka (D:2)
  2 giant newts
  3 kobolds
  A quokka skeleton (D:4)
  A rat (D:3)
47 creatures vanquished.

Action                   |  1- 3 |  4- 6 |  7- 9 || total
-------------------------+-------+-------+-------++-------
Melee: Unarmed           |     1 |       |       ||     1
       Dagger            |       |    34 |    22 ||    56
 Cast: Sandblast         |    35 |     7 |       ||    42
       Stone Arrow       |       |    24 |    14 ||    38
Evoke: Deck              |       |       |     3 ||     3
  Use: Scroll            |       |       |     4 ||     4
 Stab: Sleeping          |       |       |     1 ||     1
  Eat: Chunk             |       |     1 |     2 ||     3
Armor: Robe              |     6 |     6 |     4 ||    16
Dodge: Dodged            |    21 |    18 |    16 ||    55

Vault maps used:
D:1:      grunt_arrival_lava_bath
D:2:      nicolae_overflow_hidden_temple, gammafunk_temple_overflow_elements
D:3:      overflow_temple_1_default, kiku_gazebo_garden_becter,
          grunt_gozag_statues, grunt_pakellas_basics
D:4:      trog_eyes_of_draining, nemelex_deck, first_bread,
          uniq_crazy_yiuf_cottage, uniq_edmund, uniq_pikel, uniq_blork_the_orc
D:5:      nicolae_ru_sacrificial_ziggurat, minmay_temple_entry_butterflies,
          serial_shops, shop_fountains, serial_bayou_pond_c
D:6:      lemuel_flamethrower_2
